 Dungeon Crawl Stone Soup version 0.31-a0-167-g1c394c0614 (webtiles) character file.

Game seed: 11798727239779097173

58 qw the Shooter (level 4, -1/39 HPs)
             Began as a Naga Hunter on June 14, 2023.
             Slain by a goblin
             ... wielding a +0 dagger
             ... led by Robin
              (6 damage)
             ... on level 2 of the Dungeon.
             The game lasted 00:00:25 (866 turns).

qw the Shooter (Naga Hunter)                         Turns: 866, Time: 00:00:26

Health: -1/39      AC:  2    Str: 13    XL:     4   Next: 1%
Magic:  4/4        EV:  9    Int:  9    God:
Gold:   73         SH:  0    Dex: 17    Spells: 3/3 levels left

rFire   . . .        Y - +0 shortbow
rCold   . . .        (shield currently unavailable)
rNeg    . . .        c - +0 leather armour
rPois   +            (no helmet)
rElec   .            (no cloak)
rCorr   .            (no gloves)
SInv    +            (no barding)
Will    .....        (no amulet)
Stlth   ++           (no ring)
HPRegen 0.26/turn    (no ring)
MPRegen 0.09/turn

%: no passive effects
@: short of breath, very slow
A: AC +1, large, see invisible, deformed body, poison resistance, slowness 2,
spit poison 1, naga tail 1
a: Spit Poison


You were on level 2 of the Dungeon.
You visited 1 branch of the dungeon, and saw 2 of its levels.

You collected 73 gold pieces.


Innate Abilities, Weirdness & Mutations

Your serpentine skin is tough. (AC +1)
You have supernaturally acute eyesight. (SInv)
Armour fits poorly on your strangely shaped body.
Your system is resistant to poisons. (rPois)
You cover ground very slowly.
You can spit poison.
You have a snake-like lower body.


   Skills:
 + Level 2.0 Fighting
 - Level 5.0 Ranged Weapons
 - Level 1.5 Dodging
 - Level 1.5 Stealth


You had 3 spell levels left.
You didn't know any spells.
Your spell library was empty.

Inventory:

Hand Weapons
 Y - a +0 shortbow (weapon)
Armour
 c - a +0 leather armour (worn)
Scrolls
 a - a scroll of poison {unknown}
Potions
 b - a potion of mutation {unknown}
 f - 2 potions of curing

Dungeon Overview and Level Annotations

Branches:
Dungeon (2/15)

Altars:

Annotations:
D:2 Robin


Message History

The goblin completely misses you.
The hobgoblin hits you but does no damage.
You shoot an arrow. The arrow closely misses the hobgoblin.
The arrow hits the goblin.
You kill the goblin!
You have got your breath back.
The hobgoblin hits you. The goblin completely misses you.
861 ||| INVOKING Spit Poison.
Aiming: Spit Poison (2% risk of failure)
Press: ? - help, Shift-Dir - straight line, f/p - hobgoblin The splash of poison hits the hobgoblin.
You kill the hobgoblin!
The goblin hits you with a +0 dagger.
Robin says, "Duck!"
Your Ranged Weapons skill increases to level 5!
You shoot an arrow. The arrow barely misses the hobgoblin.
The arrow closely misses Robin.
The arrow closely misses the hobgoblin.
The hobgoblin hits you. The goblin barely misses you.
You shoot an arrow. The arrow hits the hobgoblin.
The hobgoblin is severely wounded.
You have got your breath back.
The hobgoblin no longer looks unusually strong.
The hobgoblin barely misses you. The goblin hits you with a +0 dagger.
864 ||| INVOKING Spit Poison.
Aiming: Spit Poison (2% risk of failure)
Press: ? - help, Shift-Dir - straight line, f/p - hobgoblin The splash of poison hits the hobgoblin.
You kill the hobgoblin!
The goblin no longer looks unusually strong. x2
Robin roars a battlecry!
The goblins go into a battle-frenzy!
The goblin barely misses you.
You have reached level 4!
You feel agile.
You shoot an arrow. The arrow barely misses the goblin.
The arrow hits Robin but does no damage.
The goblin hits you but does no damage.
The goblin hits you with a +0 dagger. x3
You shoot an arrow. The arrow barely misses the goblin.
The arrow hits Robin but does no damage.
The goblin hits you with a +0 dagger.
You die...

##..................#
##.....#######.######
#.....# #.......#
.....<.# #.#.###.###
.......# #.#.......#
..###### # #.###.#.#
.. #.......#.#
#.###g.....
#.g@gg%....
######>.... ).. .


You could see Robin, a hobgoblin (strong, resistant) and 2 goblins.

Vanquished Creatures
  A worm (D:2)
  2 dart slugs (D:1)
  6 endoplasms
  2 giant cockroaches (D:1)
  9 goblins
  6 hobgoblins
  2 quokkas
  6 ball pythons (D:1)
  3 bats (D:1)
  3 frilled lizards
  7 rats
47 creatures vanquished.

Notes
Turn   | Place    | Note
-------+----------+-------------------------------------------
     0 | D:1      | qw the Naga Hunter began the quest for the Orb.
     0 | D:1      | Reached XP level 1. HP: 19/19 MP: 1/1
     0 | D:1      | 0 ||| qw: Version: 0.2-a-29-g1fa15c8
     0 | D:1      | 0 ||| qw: Game counter: 5117
     0 | D:1      | 0 ||| qw: Always use a shield: true
     0 | D:1      | 0 ||| qw: God list: Okawaru
     0 | D:1      | 0 ||| qw: Allow faded altars: false
     0 | D:1      | 0 ||| qw: Do Orc after D:15 true
     0 | D:1      | 0 ||| qw: Do second Lair branch before Depths: true
     0 | D:1      | 0 ||| qw: Lair rune preference: random
     0 | D:1      | 0 ||| qw: Plans: Normal
     0 | D:1      | 0 ||| PLANNING D:1-11
    31 | D:1      | 31 ||| INVOKING Spit Poison.
    46 | D:1      | 46 ||| INVOKING Spit Poison.
   115 | D:1      | 115 ||| INVOKING Spit Poison.
   142 | D:1      | 142 ||| INVOKING Spit Poison.
   169 | D:1      | 169 ||| INVOKING Spit Poison.
   173 | D:1      | Reached skill level 4 in Ranged Weapons
   173 | D:1      | Reached XP level 2. HP: 26/26 MP: 2/2
   182 | D:1      | 182 ||| INVOKING Spit Poison.
   223 | D:1      | 223 ||| INVOKING Spit Poison.
   260 | D:1      | 260 ||| INVOKING Spit Poison.
   265 | D:1      | 265 ||| INVOKING Spit Poison.
   274 | D:1      | 274 ||| INVOKING Spit Poison.
   282 | D:1      | 282 ||| INVOKING Spit Poison.
   286 | D:1      | 286 ||| INVOKING Spit Poison.
   407 | D:1      | 407 ||| INVOKING Spit Poison.
   427 | D:1      | 427 ||| INVOKING Spit Poison.
   428 | D:1      | Reached XP level 3. HP: 32/32 MP: 3/3
   460 | D:1      | 460 ||| INVOKING Spit Poison.
   473 | D:1      | 473 ||| INVOKING Spit Poison.
   491 | D:1      | Found a faded altar of an unknown god.
   492 | D:1      | 492 ||| INVOKING Spit Poison.
   496 | D:1      | 496 ||| INVOKING Spit Poison.
   501 | D:1      | 501 ||| INVOKING Spit Poison.
   562 | D:1      | 562 ||| INVOKING Spit Poison.
   568 | D:1      | 568 ||| INVOKING Spit Poison.
   578 | D:1      | 578 ||| INVOKING Spit Poison.
   616 | D:1      | 616 ||| INVOKING Spit Poison.
   628 | D:1      | 628 ||| INVOKING Spit Poison.
   720 | D:1      | 720 ||| READING scroll labelled PAMUYPOUPT.
   721 | D:1      | 721 ||| READING scroll labelled OMYUH XEOCLA.
   722 | D:1      | 722 ||| DRINKING 3 bubbling sapphire potions.
   723 | D:1      | 723 ||| DROPPING scroll of butterflies.
   748 | D:2      | 748 ||| INVOKING Spit Poison.
   792 | D:2      | 792 ||| INVOKING Spit Poison.
   831 | D:2      | 831 ||| INVOKING Spit Poison.
   834 | D:2      | 834 ||| INVOKING Spit Poison.
   839 | D:2      | 839 ||| INVOKING Spit Poison.
   850 | D:2      | Noticed Robin
   851 | D:2      | 851 ||| INVOKING Spit Poison.
   856 | D:2      | 856 ||| INVOKING Spit Poison.
   861 | D:2      | 861 ||| INVOKING Spit Poison.
   862 | D:2      | Reached skill level 5 in Ranged Weapons
   864 | D:2      | 864 ||| INVOKING Spit Poison.
   865 | D:2      | Reached XP level 4. HP: 16/39 MP: 4/4
   865 | D:2      | HP: 5/39 [goblin/+0 dagger[Robin] (6)]
   866 | D:2      | Slain by a goblin

Levels and vault maps discovered:
D:1:      evilmike_arrival_plus, layout_basic,
          hellmonk_ecumenical_altar_crossroads
D:2:      layout_basic, basic_altar, uniq_robin, uniq_crazy_yiuf_cottage

Skill      XL: |  1  2  3 |
---------------+----------+-----
Ranged Weapons | 4 5 |  5.0
Fighting       | |  2.0
Dodging        | |  1.5
Stealth        | |  1.5

Action                     |  1- 3 |  4- 6 || total
---------------------------+-------+-------++-------
   Fire: Shortbow          |    72 |     2 ||    74
Ability: Spit Poison       |    33 |       ||    33
    Use: Scroll            |     2 |       ||     2
         Potion            |     1 |       ||     1
 Armour: Leather armour    |    10 |     1 ||    11
  Dodge: Dodged            |    23 |       ||    23

Table legend:
 A = Non-vault XP
 B = Vault XP
 C = Vault XP percentage of total XP
 D = Non-vault monster count
 E = Vault monster count
 F = Vault count percentage of total count
                 A         B        C        D         E       F
            +---------+---------+-------+---------+---------+-------
      Total |      69 |      14 |  16.9 |      40 |       7 |  14.9
            +---------+---------+-------+---------+---------+-------
        D:1 |      56 |       0 |   0.0 |      33 |       0 |   0.0
        D:2 |      13 |      14 |  51.9 |       7 |       7 |  50.0
            +---------+---------+-------+---------+---------+-------
